 Dungeon Crawl Stone Soup version 0.30.1-9-gdf580d7c3d (webtiles) character file.

Game seed: 6412105361799652557

117799 LynnLen the Unseen (level 16, -38/84 HPs)
             Began as a Spriggan Enchanter on Sept 24, 2023.
             Was a High Priest of Vehumet.
             Killed from afar by Nikola (90 damage)
             ... with an arc of chain lightning
             ... on level 2 of the Lair of Beasts on Sept 25, 2023.
             The game lasted 03:00:19 (45897 turns).

LynnLen the Unseen (Spriggan Enchanter)            Turns: 45897, Time: 03:00:20

Health: -38/84     AC:  7    Str:  4    XL:     16   Next: 24%
Magic:  36/36      EV: 29    Int: 23    God:    Vehumet [*****.]
Gold:   371        SH:  0    Dex: 20    Spells: 1/46 levels left

rFire   . . .        E - +9 dagger (vamp)
rCold   + . .        (no shield)
rNeg    + + +        s - +1 robe {Will+}
rPois   .            b - +2 hat of Xidub {rC+ rN+++ Int-3 Dex+2}
rElec   .            d - +1 cloak {Will+}
rCorr   +            (gloves unavailable)
SInv    +            (boots unavailable)
Will    +++++        h - amulet of the acrobat
Stlth   ++++++++     T - ring "Pienun" {rCorr Int+4}
HPRegen 0.34/turn    C - ring of willpower
MPRegen 0.25/turn

%: acrobat
@: very quick
A: very small, no large weapons, unfitting armour, see invisible, speed 3
a: Renounce Religion


You were on level 2 of the Lair of Beasts.
You worshipped Vehumet.
Vehumet was extremely pleased with you.
You visited 5 branches of the dungeon, and saw 24 of its levels.
You also visited: Sewer, Gauntlet and Ice Cave.

You collected 2818 gold pieces.
You spent 2447 gold pieces at shops.

Inventory:

Hand Weapons
 E - a +9 vampiric dagger (weapon)
 M - a +1 demon whip of venom
Armour
 b - the +2 hat of Xidub (worn) {rC+ rN+++ Int-3 Dex+2}
   (You acquired it on level 8 of the Dungeon)

   Int:       It affects your intelligence (-3).
   Dex:       It affects your dexterity (+2).
   rC:        It protects you from cold.
   rN:        It renders you almost immune to negative energy.
 d - a +1 cloak of willpower (worn)
 g - a +2 cloak of preservation
 s - a +1 robe of willpower (worn)
 I - a +2 robe of cold resistance
 N - +2 steam dragon scales
Jewellery
 h - an amulet of the acrobat (around neck)
 u - a ring of flight
 C - a ring of willpower (right hand)
 L - a +6 ring of strength
 O - a ring of magical power
 Q - a +6 ring of intelligence
 T - the ring "Pienun" (left hand) {rCorr Int+4}
   (You found it in a Gauntlet)

   [ring of resist corrosion]

   Int:       It affects your intelligence (+4).
   rCorr:     It protects you from acid and corrosion.
 U - a ring of poison resistance
 V - the ring "Nygit" {rN+ Will++ Str-5 Dex+6}
   (You found it in a Gauntlet)

   [ring of positive energy]

   Str:       It affects your strength (-5).
   Dex:       It affects your dexterity (+6).
   rN:        It protects you from negative energy.
   Will:      It greatly increases your willpower.
Wands
 y - a wand of mindburst (38)
 A - a wand of charming (28)
 H - a wand of iceblast (16)
 R - a wand of digging (10)
 Z - a wand of flame (27)
Scrolls
 f - a scroll of blinking
 k - 2 scrolls of poison
 l - 13 scrolls of teleportation
 m - 8 scrolls of amnesia
 v - 5 scrolls of torment
 w - 3 scrolls of magic mapping
 z - 2 scrolls of silence
 B - a scroll of vulnerability
 F - 4 scrolls of immolation
 K - 3 scrolls of fog
 P - 6 scrolls of fear
 S - a scroll of brand weapon
Potions
 c - 7 potions of brilliance
 e - 9 potions of curing
 i - a potion of attraction
 j - 6 potions of lignification
 n - 7 potions of mutation
 o - 2 potions of cancellation
 p - a potion of magic
 q - 4 potions of flight
 r - 3 potions of berserk rage
 t - 6 potions of resistance
 x - 2 potions of ambrosia
 D - 4 potions of haste
 G - 4 potions of might
Miscellaneous
 W - a box of beasts


   Skills:
 + Level 9.5 Fighting
 - Level 10.0 Short Blades
 + Level 14.5 Dodging
 * Level 20.0 Stealth
 * Level 15.7 Spellcasting
 + Level 5.1 Conjurations
 - Level 7.1 Hexes
 - Level 8.5 Translocations
 + Level 4.9 Fire Magic
 - Level 4.0 Ice Magic
 - Level 8.0 Air Magic


You had one spell level left.
You knew the following spells:

 Your Spells              Type           Power      Damage    Failure   Level
a - Ensorcelled Hibernat  Hex/Ice        86%        N/A       1%          2
b - Confusing Touch       Hex            50%        N/A       1%          3
c - Tukima's Dance        Hex            50%        N/A       1%          3
d - Vhi's Electric Charg  Tloc/Air       100%       N/A       1%          3
e - Scorch                Fire           80%        2d8       1%          2
f - Inner Flame           Hex/Fire       45%        N/A       1%          3
g - Arcjolt               Conj/Air       24%        1d34      1%          5
h - Volatile Blastmotes   Fire/Tloc      96%        2d18      1%          3
i - Iskenderun's Battles  Conj           41%        2d9       3%          5
j - Fireball              Conj/Fire      20%        3d10      3%          5
k - Yara's Violent Unrav  Hex/Tmut       17%        3d8       5%          5
l - Iron Shot             Conj/Erth      14%        9d4       38%         6

Your spell library contained the following spells:

 Spells                   Type           Power      Damage    Failure   Level
 Shock                    Conj/Air       100%       1d9       1%          1
 Slow                     Hex            100%       N/A       1%          1
 Beastly Appendage        Tmut           36%        N/A       3%          1
 Blink                    Tloc           100%       N/A       1%          2
 Cigotuvi's Dreadful Rot  Necr/Pois/Air  60%        N/A       1%          2
 Lesser Beckoning         Tloc           100%       N/A       1%          2
 Momentum Strike          Conj/Tloc      98%        3d10      1%          2
 Dazzling Flash           Conj/Hex       92%        N/A       1%          3
 Frozen Ramparts          Ice            72%        1d11      1%          3
 Gell's Gravitas          Tloc           54%        N/A       1%          3
 Ignite Poison            Fire/Tmut/Pois 25%        N/A       1%          3
 Portal Projectile        Hex/Tloc       100%       N/A       1%          3
 Swiftness                Air            53%        N/A       1%          3
 Teleport Other           Tloc           54%        N/A       1%          3
 Airstrike                Air            26%        2d(4-20)  1%          4
 Flame Wave               Conj/Fire      41%        2d11      1%          4
 Manifold Assault         Tloc           54%        N/A       1%          4
 Sticky Flame             Conj/Fire      41%        2d6       1%          4
 Silence                  Hex/Air        26%        N/A       3%          5
 Wereblood                Tmut           18%        N/A       4%          2
 Conjure Ball Lightning   Conj/Air       24%        3x3d7     9%          6
 Spider Form              Tmut/Pois      18%        N/A       10%         3
 Vampiric Draining        Necr           18%        2d7       10%         3
 Plasma Beam              Fire/Air       23%        2x1d39    10%         6
 Ice Form                 Ice/Tmut       27%        N/A       14%         4
 Summon Ice Beast         Ice/Summ       27%        N/A       14%         4
 Summon Mana Viper        Hex/Summ       34%        N/A       21%         5
 Blade Hands              Tmut           9%         N/A       65%         5
 Borgnjor's Vile Clutch   Necr/Erth      9%         N/A       65%         5
 Ignition                 Fire           20%        3d7       99%         8
 Monstrous Menagerie      Summ           9%         N/A       100%        7


Dungeon Overview and Level Annotations

Branches:
Dungeon (15/15)            Temple (1/1) D:4            Lair (5/5) D:8
  Swamp (1/4) Lair:2        Snake (0/4) Lair:3        Slime (0/5) Lair:5
    Orc (2/2) D:11            Elf (0/3) Orc:2        Vaults (0/5) D:14
 Depths (0/4) D:15          Sewer (visited)           IceCv (visited)
Gauntlet (visited)

Altars:
Ashenzari
Cheibriados
Dithmenos
Elyvilon
Fedhas
Gozag
Hepliaklqana
Kikubaaqudgha
Makhleb
Nemelex Xobeh
Okawaru
Qazlal
Ru
Sif Muna
Trog
Uskayaw
Vehumet
Wu Jian
Xom
Yredelemnul
Zin
The Shining One
Jiyva
Lugonu

Shops:
D:1 [   D:3 =(:*   D:4 *   D:6 ?   D:8 *   D:12 [   D:13 !*!(*   D:14 [
Orc:1 [   Orc:2 **[[[

Portals:
Abyss: Lair:4

Annotations:
D:11 2 runed translucent doors, SweetJohnnyV's ghost, journeyman MiBe
D:13 Azrael
D:14 1 runed translucent door, 2 transporters, Amadud's ghost, journeyman GnWn
Lair:2 Nikola
Lair:4 2 transporters, Cheops's ghost, journeyman DrSu
Lair:5 exclusion: obsidian statue


Innate Abilities, Weirdness & Mutations

You are very small and have problems with some larger weapons.
You are too small for most types of armour.
You have supernaturally acute eyesight. (SInv)
You cover ground extremely quickly. (Speed+++)


Message History

Aiming: Fireball (dangerous; 3% risk of failure)
Press: ? - help, Q - select action, (/) - cycle Shift-Dir - straight line, f/p - thorn hunter
Aim: a thorn hunter (steam, lightly damaged)
The fireball explodes!
The fireball engulfs Nikola!
Nikola is lightly wounded.
The fireball engulfs the thorn hunter!
The thorn hunter is burned terribly!
The thorn hunter is lightly damaged.
The mangrove smoulders and burns.
The thorn hunter fires a volley of thorns at you.
The volley of thorns misses you.
A swamp dragon comes into view.
Nikola is engulfed in a cloud of scalding steam.
There is a staircase back to the Lair here.
The swamp dragon roars deafeningly!
The thorn hunter is engulfed in blazing flames.
The thorn hunter gestures.
You climb upwards.
Welcome back to the Lair of Beasts!
There is a staircase to the Swamp here.
You start resting.
Magic restored.
There is a staircase to the Swamp here.
You climb downwards.
Welcome back to the Swamp!
This branch is noisy: sounds don't travel as far here.
This branch contains the decaying rune of Zot.
Level annotation: Nikola Nikola completely misses you.
Nikola hits you with a +0 rapier of electrocution!!
You are electrocuted!!
There is a staircase back to the Lair, spattered with blood here.
Nikola hits you with a +0 rapier of electrocution!
You are electrocuted!
* * * LOW HITPOINT WARNING * * *
You climb upwards.
Welcome back to the Lair of Beasts!
There is a staircase to the Swamp here.
Unknown command.
You feel much better.
Nikola casts a spell.
Lightning arcs from Nikola's hands!
The bolt of lightning hits you!!!!
Ouch! That really hurt!
You die...

#.....................#.........
##....................##.....##..
#................................
.................................
......................>.#........
#......................#.......#.
#......................P......##.
P..........................#...#.
...............§@.....####.....>.
..##...........§@..##.# ####....
..##.#............##### ##.....
..............#...# #......
#.............#..### ### ##.....
.P....#............###.#####.....
........###..#..#.#..#..P#.......
#......###..#..##....#P..........
##....P#######.###...............


You could see Nikola.

Vanquished Creatures
  Gastronok (D:8)
  Kirke (D:13)
  A frost giant (IceCv)
  A balrug (Gauntlet)
  A minotaur (Gauntlet)
  A dire elephant (D:15)
  Snorg (Orc:1)
  An ettin (Orc:2)
  Josephine (D:13)
  4 hydras
  A rakshasa (D:12)
  3 vault guards (D:14)
  A catoblepas (Lair:5)
  6 centaur warriors
  2 ogre magi (Orc:2)
  6 boulder beetles
  A death knight (D:15)
  An anaconda (shapeshifter) (D:14)
  13 two-headed ogres
  7 death yaks
  6 tengu warriors
  2 orc high priests
  A skyshark (Lair:5)
  A spectral death yak (Lair:5)
  A sixfirhy (Gauntlet)
  Lodul (D:14)
  A swamp dragon (Swamp:1)
  A goliath frog (Swamp:1)
  2 deep trolls (Orc:2)
  A death drake (shapeshifter) (D:15)
  2 deep elf pyromancers (D:12)
  8 ugly things
  2 necromancers (Lair:5)
  A phantasmal warrior (D:15)
  5 orc sorcerers
  3 manticores
  A wolf spider (D:15)
  A will-o-the-wisp (Swamp:1)
  26 elephants
  12 cyclopes
  A salamander (D:15)
  A dire elephant zombie (Lair:5)
  A gargoyle (D:10)
  Maurice (D:13)
  4 black mambas
  4 molten gargoyles (D:10)
  An unseen horror (D:10)
  10 rime drakes
  2 freezing wraiths (D:15)
  15 cane toads
  A kobold demonologist (D:12)
  3 tengu conjurers
  18 trolls
  10 komodo dragons
  A meliai (shapeshifter) (D:14)
  A bloated husk (Swamp:1)
  A meliai (D:12)
  5 polar bears
  A hornet (Swamp:1)
  13 blink frogs
  2 tyrant leeches (Swamp:1)
  Grinder (Sewer)
  Prince Ribbit (D:7)
  5 spectral elephants (Lair:5)
  Sigmund (D:4)
  6 slime creatures (D:15)
  2 shadows (D:13)
  A vampire (D:9)
  8 wraiths
  A centaur simulacrum (D:14)
  A spriggan (Swamp:1)
  7 wyverns
  3 fire elementals (D:12)
  2 basilisks
  33 yaks
  A steam dragon (D:8)
  3 vampire mosquitoes
  Menkaure (D:5)
  6 wargs
  A spectral cane toad (Lair:5)
  4 swamp worms
  An acid dragon (D:10)
  17 water moccasins
  3 hell hounds
  An ice beast (D:6)
  15 orc warriors
  A black bear (D:6)
  31 ogres
  A wolf (shapeshifter) (D:14)
  19 wolves
  9 centaurs
  2 phantoms
  13 bullfrogs
  4 kobold brigands
  2 gnoll sergeants (D:11)
  4 scorpions
  3 cane toad simulacra
  6 wights
  13 killer bees
  3 elephant simulacra
  2 electric eels
  9 howler monkeys
  8 jellies
  9 orc priests
  2 hounds
  3 iguanas
  24 orc wizards
  A polar bear simulacrum (Lair:3)
  A wolf simulacrum (Lair:3)
  A mummy (D:9)
  9 gnolls
  8 adders
  A river rat (D:4)
  3 shadow imps
  8 ufetubi
  2 worms
  2 dart slugs
  73 orcs
  9 ball pythons
  6 bats
  10 endoplasms
  5 giant cockroaches
  3 goblins
  9 hobgoblins
  8 jackals
  25 kobolds
  3 quokkas
  2 frilled lizards
  A giant cockroach zombie (Sewer)
  A kobold zombie (Sewer)
  8 rats
720 creatures vanquished.

Vanquished Creatures (collateral kills)
  An orc warlord (Orc:1)
  Harold (Orc:1)
  A vault guard (D:14)
  A kobold demonologist (D:12)
  8 orc warriors
  A centaur (D:6)
  Blork the orc (D:5)
  A kobold brigand (D:11)
  A scorpion (D:5)
  A gnoll sergeant (D:9)
  6 wights
  A gnoll bouda (D:7)
  An orc wizard (Orc:1)
  9 gnolls
  6 orcs
  A bat (D:4)
  6 kobolds
47 creatures vanquished.

Vanquished Creatures (others)
  A wolf spider (D:15)
  12 dancing weapons
  A black bear (shapeshifter) (D:13)
  An orc wizard (D:11)
  5 orcs
  6 foxfires (Swamp:1)
26 creatures vanquished.

Grand Total: 793 creatures vanquished

Notes
Turn   | Place    | Note
-------+----------+-------------------------------------------
     0 | D:1      | LynnLen the Spriggan Enchanter began the quest for the Orb.
     0 | D:1      | Reached XP level 1. HP: 9/9 MP: 5/5
   116 | D:1      | Found Suvunioh's Antique Armour Emporium.
   278 | D:1      | Reached XP level 2. HP: 7/13 MP: 6/6
   307 | D:1      | Learned a level 2 spell: Ensorcelled Hibernation
   977 | D:1      | Reached XP level 3. HP: 17/17 MP: 8/8
  1348 | D:2      | Found an ornate altar of the Wu Jian Council.
  1709 | D:2      | Found a faded altar of an unknown god.
  1921 | D:2      | Reached skill level 1 in Ice Magic
  1936 | D:2      | Learned a level 3 spell: Confusing Touch
  1940 | D:2      | Learned a level 3 spell: Tukima's Dance
  1958 | D:2      | Reached XP level 4. HP: 21/21 MP: 5/9
  2126 | D:2      | Reached skill level 5 in Stealth
  2837 | D:3      | Reached skill level 1 in Fighting
  2874 | D:3      | Found a stormy altar of Qazlal.
  2905 | D:3      | Reached XP level 5. HP: 25/25 MP: 8/11
  3283 | D:3      | Found Gistreoju's Weapon Boutique.
  3298 | D:3      | Found Ufuyray's Book Shoppe.
  3300 | D:3      | Found Qoept's Assorted Antiques.
  3542 | D:3      | Found a shimmering blue altar of Sif Muna.
  4031 | D:3      | Got the Tome of Fascination and Position
  4112 | D:3      | Found Volebb's Jewellery Shoppe.
  4484 | D:4      | Found a staircase to the Ecumenical Temple.
  4511 | D:4      | Found Surch's CLEARANCE SALE!.
  4519 | D:4      | Bought a scroll of torment for 57 gold pieces
  4519 | D:4      | Bought a potion of berserk rage for 30 gold pieces
  4561 | D:4      | Found a glowing drain.
  4604 | Sewer    | Entered a sewer
  5184 | Sewer    | Found an ancient bone altar of Kikubaaqudgha.
  5474 | Sewer    | Noticed Grinder
  5490 | Sewer    | Noticed a phantom
  5663 | Sewer    | Killed a phantom
  5664 | Sewer    | Reached skill level 5 in Hexes
  5664 | Sewer    | Reached XP level 6. HP: 16/30 MP: 6/12
  5779 | Sewer    | Killed Grinder
  5926 | Sewer    | Reached XP level 7. HP: 34/34 MP: 11/14
  5963 | Sewer    | Identified the +2 leather armour of Xom's Benevolence
                  | {rPois rC- Int+3}
  6010 | Sewer    | Reached skill level 6 in Stealth
  6355 | Temple   | Entered the Ecumenical Temple
  6830 | D:4      | Noticed Sigmund
  6844 | D:4      | Killed Sigmund
  7116 | D:4      | Reached XP level 8. HP: 39/39 MP: 8/15
  7396 | D:5      | Entered Level 5 of the Dungeon
  7396 | D:5      | Noticed Menkaure
  8054 | D:5      | Reached skill level 5 in Dodging
  8061 | D:5      | Noticed Blork the orc
  8076 | D:5      | Killed Blork the orc
  8087 | D:5      | Found a sparkling altar of Nemelex Xobeh.
  8183 | D:5      | Reached skill level 5 in Spellcasting
  8213 | D:5      | Killed Menkaure
  8214 | D:5      | Reached skill level 7 in Stealth
  8390 | D:5      | Found a bloodstained altar of Trog.
  8509 | D:5      | Found an ancient bone altar of Kikubaaqudgha.
  8720 | D:5      | Learned a level 3 spell: Vhi's Electric Charge
  9091 | D:6      | Found a sacrificial altar of Ru.
  9111 | D:6      | Reached skill level 1 in Translocations
  9448 | D:6      | Reached skill level 1 in Air Magic
  9472 | D:6      | Found The Oracle's Delphic Readings.
  9520 | D:6      | Bought a scroll of identify for 24 gold pieces
  9520 | D:6      | Bought a scroll of identify for 24 gold pieces
  9520 | D:6      | Bought a scroll of identify for 24 gold pieces
  9534 | D:6      | Reached XP level 9. HP: 37/44 MP: 15/18
  9641 | D:6      | Bought a scroll of immolation for 48 gold pieces
  9928 | D:6      | Found a glowing golden altar of the Shining One.
  9928 | D:6      | Found a radiant altar of Vehumet.
  9936 | D:6      | Became a worshipper of Vehumet
 10341 | D:7      | Reached skill level 8 in Stealth
 10805 | D:7      | Reached skill level 5 in Short Blades
 11033 | D:7      | Found a broken altar of Ashenzari.
 11043 | D:7      | Found a hazy altar of Hepliaklqana.
 11616 | D:7      | Noticed Prince Ribbit
 11638 | D:7      | Killed Prince Ribbit
 11921 | D:7      | Reached * piety under Vehumet
 11921 | D:7      | Offered knowledge of Foxfire by Vehumet.
 12202 | D:8      | Found a staircase to the Lair.
 12202 | D:8      | Noticed Gastronok
 12244 | D:8      | Reached skill level 9 in Stealth
 12254 | D:8      | Reached XP level 10. HP: 49/49 MP: 9/21
 12262 | D:8      | Identified 2 scrolls of acquirement
 12412 | D:8      | Reached skill level 5 in Translocations
 13162 | D:8      | Found Taafey's Assorted Antiques.
 13170 | D:8      | Bought a scroll of identify for 50 gold pieces
 13202 | D:8      | Found an ornate altar of the Wu Jian Council.
 13578 | D:8      | Acquired the +2 hat of Xidub {rC+ rN+++ Int-3 Dex+2}
 13585 | D:8      | Acquired 272 gold pieces
 13590 | Lair:1   | Entered Level 1 of the Lair of Beasts
 13742 | Lair:1   | Noticed a four-headed hydra
 13770 | Lair:1   | Killed a four-headed hydra
 14032 | Lair:1   | Noticed a cane toad
 14357 | Lair:1   | Killed a cane toad
 14399 | Lair:1   | Noticed a cane toad
 14403 | Lair:1   | Killed a cane toad
 14404 | Lair:1   | Reached skill level 10 in Stealth
 14929 | Lair:1   | Noticed a cane toad
 15178 | Lair:1   | Killed a cane toad
 15179 | Lair:1   | Reached skill level 5 in Fighting
 15627 | Lair:2   | Noticed a black mamba
 15640 | Lair:2   | Killed a black mamba
 15641 | Lair:2   | Reached XP level 11. HP: 49/55 MP: 18/23
 16014 | Lair:2   | Offered knowledge of Sandblast by Vehumet.
 16046 | Lair:2   | Found a staircase to the Swamp.
 16054 | Lair:2   | Reached ** piety under Vehumet
 16311 | Lair:2   | Noticed a boulder beetle
 16339 | Lair:2   | Killed a boulder beetle
 16544 | Lair:2   | Reached skill level 11 in Stealth
 16742 | Lair:2   | Reached skill level 5 in Air Magic
 17277 | D:3      | Bought a +6 ring of intelligence for 504 gold pieces
 17638 | Lair:3   | Found a staircase to the Snake Pit.
 17849 | Lair:3   | Offered knowledge of Scorch by Vehumet.
 17860 | Lair:3   | Learned a level 2 spell: Scorch
 17889 | Lair:3   | Found a frozen archway.
 17932 | IceCv    | Entered an ice cave
 17959 | IceCv    | Reached skill level 12 in Stealth
 18106 | IceCv    | Noticed a death yak
 18120 | IceCv    | Reached XP level 12. HP: 44/60 MP: 26/26
 18142 | IceCv    | Reached *** piety under Vehumet
 18143 | IceCv    | Reached skill level 1 in Fire Magic
 18476 | IceCv    | Noticed a death yak
 18485 | IceCv    | Learned a level 3 spell: Inner Flame
 18504 | IceCv    | Learned a level 5 spell: Arcjolt
 18628 | IceCv    | Killed a death yak
 18629 | IceCv    | Reached skill level 10 in Dodging
 18957 | IceCv    | Noticed a frost giant
 18958 | IceCv    | Noticed a death yak
 19072 | IceCv    | Learned a level 3 spell: Volatile Blastmotes
 19175 | IceCv    | Killed a death yak
 19482 | IceCv    | Killed a frost giant
 19624 | IceCv    | Noticed a death yak
 19624 | IceCv    | Noticed a death yak
 19780 | IceCv    | Killed a death yak
 19873 | IceCv    | Reached skill level 13 in Stealth
 19958 | IceCv    | Killed a death yak
 19959 | IceCv    | Reached skill level 10 in Spellcasting
 20104 | IceCv    | Noticed a death yak
 20167 | IceCv    | Killed a death yak
 20238 | IceCv    | Killed a death yak
 21175 | Lair:3   | Offered knowledge of Hailstorm by Vehumet.
 21819 | Lair:3   | Reached XP level 13. HP: 67/67 MP: 25/28
 22082 | Lair:3   | Reached skill level 14 in Stealth
 22445 | Lair:4   | Found a transporter.
 22448 | Lair:4   | Noticed Cheops's ghost (journeyman DrSu)
 22454 | Lair:4   | Found a one-way gate to the infinite horrors of the Abyss.
 22474 | Lair:4   | Found a transporter.
 23248 | Lair:5   | Entered Level 5 of the Lair of Beasts
 23314 | Lair:5   | Found a viscous altar of Jiyva.
 23341 | Lair:4   | Reached **** piety under Vehumet
 23525 | Lair:4   | Reached skill level 10 in Short Blades
 23580 | Lair:5   | Found a staircase to the Slime Pits.
 23609 | Lair:4   | Offered knowledge of Iskenderun's Battlesphere by Vehumet.
 23634 | Lair:4   | Learned a level 5 spell: Iskenderun's Battlesphere
 23755 | Lair:5   | Identified the +1 flail of Calculation {freeze, rPois rN+
                  | MP+9 SInv}
 24101 | Lair:5   | Reached skill level 1 in Conjurations
 24291 | Lair:5   | Reached skill level 15 in Stealth
 24974 | Lair:5   | Noticed a dire elephant
 24974 | Lair:5   | Noticed a dire elephant
 24976 | Lair:5   | Noticed a dire elephant
 27049 | Lair:5   | Identified the +0 broad axe "Delufo" {holy, rElec rCorr
                  | Dex+4}
 27076 | Lair:5   | Reached skill level 16 in Stealth
 27076 | Lair:5   | Reached XP level 14. HP: 73/73 MP: 31/31
 27628 | D:8      | Killed Gastronok
 27700 | D:9      | Reached ***** piety under Vehumet
 27716 | D:9      | Offered knowledge of Fireball by Vehumet.
 27731 | D:8      | Learned a level 5 spell: Fireball
 28194 | D:1      | Bought a runed cloak for 172 gold pieces
 28293 | D:3      | Bought 2 potions of heal wounds for 230 gold pieces
 28293 | D:3      | Bought a scroll of identify for 46 gold pieces
 28293 | D:3      | Bought a scroll labelled EHUSEA JAGAAL for 23 gold pieces
 28458 | D:9      | Found a burning altar of Makhleb.
 28491 | D:9      | Found a snail-covered altar of Cheibriados.
 28782 | D:9      | Found a blossoming altar of Fedhas.
 28982 | D:9      | Identified the +6 dagger "Ulamof" {drain, rF+ Int+3 Dex+3}
 29234 | D:10     | Entered Level 10 of the Dungeon
 29261 | D:10     | Identified the +8 morningstar "Hol Geeg" {heavy, Will+
                  | Stlth+}
 30933 | D:11     | Found a gate leading to a gauntlet.
 30936 | D:11     | Found a large runed translucent door.
 30936 | D:11     | Found a large runed translucent door.
 30940 | Gauntlet | Entered a Gauntlet
 30940 | Gauntlet | Found a transporter.
 30955 | Gauntlet | Found a transporter.
 30957 | Gauntlet | Found a transporter.
 30959 | Gauntlet | Found a transporter.
 30961 | Gauntlet | Found a large runed translucent door.
 30961 | Gauntlet | Found a large runed translucent door.
 30962 | Gauntlet | Found a large runed translucent door.
 30962 | Gauntlet | Found a large runed translucent door.
 30990 | Gauntlet | Found a transporter.
 30992 | Gauntlet | Found a transporter.
 30995 | Gauntlet | Noticed a quicksilver ooze
 31009 | Gauntlet | Found a transporter.
 31024 | Gauntlet | Found a transporter.
 31071 | Gauntlet | Found a transporter.
 31085 | Gauntlet | Found a transporter.
 31093 | Gauntlet | Found a transporter.
 31101 | Gauntlet | Noticed a balrug
 31114 | Gauntlet | Found a transporter.
 31129 | Gauntlet | Found a transporter.
 31138 | Gauntlet | Found a large runed translucent door.
 31139 | Gauntlet | Found a large runed translucent door.
 31140 | Gauntlet | Found a large runed translucent door.
 31140 | Gauntlet | Found a large runed translucent door.
 31141 | Gauntlet | Found a runed translucent gate.
 31142 | Gauntlet | Found a transporter.
 31142 | Gauntlet | Found a runed translucent gate.
 31143 | Gauntlet | Found a runed translucent gate.
 31144 | Gauntlet | Found a large runed translucent door.
 31144 | Gauntlet | Found a large runed translucent door.
 31145 | Gauntlet | Found a large runed translucent door.
 31146 | Gauntlet | Found a large runed translucent door.
 31154 | Gauntlet | Found a transporter.
 31170 | Gauntlet | Found a large runed translucent door.
 31170 | Gauntlet | Found a large runed translucent door.
 31170 | Gauntlet | Found a runed translucent door.
 31170 | Gauntlet | Found a runed translucent door.
 31199 | Gauntlet | Found a transporter.
 31211 | Gauntlet | Found a transporter.
 31229 | Gauntlet | Found a transporter.
 31348 | Gauntlet | Identified the ring "Pienun" {rCorr Int+4}
 31404 | Gauntlet | Found a large runed translucent door.
 31405 | Gauntlet | Found a large runed translucent door.
 31792 | Gauntlet | Killed a balrug
 31821 | Gauntlet | Identified the ring "Nygit" {rN+ Will++ Str-5 Dex+6}
 31873 | Gauntlet | Got the Directory of Breezy Stolen Souls
 31991 | D:11     | Noticed SweetJohnnyV's ghost (journeyman MiBe)
 32456 | D:11     | Found a staircase to the Orcish Mines.
 32859 | Orc:1    | Entered Level 1 of the Orcish Mines
 32875 | Orc:1    | Found a bloodstained altar of Trog.
 33360 | Orc:1    | Noticed an orc warlord
 33378 | Orc:1    | Paralysed by an orc sorcerer for 2 turns
 33465 | Orc:1    | Noticed Snorg
 33518 | Orc:1    | Killed Snorg
 33519 | Orc:1    | Reached skill level 17 in Stealth
 33692 | Orc:1    | Noticed Harold
 33695 | Orc:1    | Found Beahogg's Antique Armour Shoppe.
 33720 | Orc:1    | Killed Harold
 34232 | Orc:1    | Offered knowledge of Freezing Cloud by Vehumet.
 34272 | Orc:1    | Killed an orc warlord
 34454 | Orc:2    | Entered Level 2 of the Orcish Mines
 34524 | Orc:2    | Found Isanesunt's Assorted Antiques.
 34542 | Orc:2    | Found a staircase to the Elven Halls.
 35387 | Orc:1    | Learned a level 5 spell: Yara's Violent Unravelling
 36214 | Orc:2    | Bought a scroll of identify for 56 gold pieces
 36950 | Orc:2    | Reached XP level 15. HP: 78/78 MP: 18/33
 37458 | Orc:2    | Reached skill level 18 in Stealth
 37520 | Orc:2    | Found Sacvep's General Store.
 37540 | Orc:2    | Found Ketolel's Armour Shop.
 37541 | Orc:2    | Found Arghuk's Antique Armour Emporium.
 37554 | Orc:2    | Found Ymepla's Armour Shop.
 37841 | Orc:2    | Bought +0 steam dragon scales for 520 gold pieces
 37841 | Orc:2    | Bought a scroll of enchant armour for 97 gold pieces
 38592 | D:12     | Found Hauralis's Antique Armour Shop.
 39034 | D:13     | Found Vaitt's General Store.
 39525 | D:13     | Noticed Azrael
 40125 | D:13     | Found Faclintu's Distillery.
 40169 | D:13     | Found Giedgh's Distillery.
 40215 | D:13     | Bought a potion of might for 56 gold pieces
 40215 | D:13     | Bought a potion of cancellation for 112 gold pieces
 40215 | D:13     | Bought a potion of flight for 42 gold pieces
 40222 | D:13     | Noticed Josephine
 40223 | D:13     | Found Bocs's Assorted Antiques.
 40228 | D:13     | Noticed Maurice
 40229 | D:13     | Killed Josephine
 40448 | D:13     | Bought a scroll of identify for 76 gold pieces
 40525 | D:13     | Killed Maurice
 40695 | D:13     | Noticed Kirke
 40699 | D:13     | Found Zoqism's Antique Weapon Shoppe.
 40700 | D:13     | Killed Kirke
 40769 | D:13     | Identified the +5 ring mail of Figguse {Str+8 Int+2}
 41194 | D:14     | Found a gate to the Vaults.
 41504 | D:14     | Offered knowledge of Iron Shot by Vehumet.
 41673 | D:14     | Noticed Lodul
 41705 | D:14     | Killed Lodul
 41706 | D:14     | Reached skill level 19 in Stealth
 41857 | D:14     | Found Waley's Antique Armour Emporium.
 41887 | D:14     | Found a runed translucent door.
 41916 | D:14     | Identified the +1 dagger of Munaidif {pain, Fragile rF+
                  | rCorr Str+3}
 41947 | D:14     | Found a corrupted altar of Lugonu.
 41949 | D:14     | Noticed a tentacled starspawn
 42042 | D:14     | Reached skill level 15 in Spellcasting
 42160 | D:14     | Noticed Amadud's ghost (journeyman GnWn)
 42330 | D:14     | Found a transporter.
 42330 | D:14     | Found a transporter.
 42476 | D:14     | Bought an encrusted cloak for 256 gold pieces
 42476 | D:14     | Identified the +2 cloak of Tartarus {rPois} (You bought it
                  | in a shop on level 14 of the Dungeon)
 42523 | D:15     | Entered Level 15 of the Dungeon
 42523 | D:15     | Found a shimmering altar of Xom.
 43355 | D:15     | Reached XP level 16. HP: 84/84 MP: 36/36
 43598 | D:15     | Reached skill level 5 in Conjurations
 44388 | D:15     | Found a staircase to the Depths.
 45067 | Swamp:1  | Entered Level 1 of the Swamp
 45637 | Swamp:1  | Reached skill level 20 in Stealth
 45717 | Swamp:1  | Learned a level 6 spell: Iron Shot
 45734 | Swamp:1  | Noticed Nikola
 45754 | Swamp:1  | Noticed a thorn hunter
 45897 | Lair:2   | Killed from afar by Nikola

Illustrated notes

Levels and vault maps discovered:
D:1:      sevenhm_arrival_forest_fort_small_4, layout_basic, serial_shops, shop
D:2:      layout_basic, basic_altar, chequers_ecumenical_altar_grove
D:3:      layout_basic, mainiacjoe_overflow_paths, lemuel_blue_sif_altar,
          serial_shops, shop, shop, shop, nicolae_diamond_shop
D:4:      layout_loops_corners, minmay_temple_entry_statues_pillars,
          cheibrodos_sewer_entry_sluice, nicolae_shop_clearance, uniq_sigmund
D:5:      layout_rooms, mainiacjoe_overflow_cross_hatched,
          mainiacjoe_overflow_six_doors_small, mainiacjoe_overflow_alcove_2,
          uniq_menkaure, uniq_blork_the_orc
D:6:      layout_rooms, mainiacjoe_overflow_boulevard,
          amethyst_overflow_temple_binary, nicolae_nh_oracle_at_delphi
D:7:      layout_basic, minitemple, uniq_prince_ribbit1
D:8:      layout_basic, kennysheep_little_box, dpeg_oklobed_lair, serial_shops,
          shop, uniq_gastronok
D:9:      cheibrodos_helix_gallery, layout_irregular_city, slow_altar_2,
          mainiacjoe_overflow_catwalk, bloody_makhleb
D:10:     nicolae_hitomezashi [nicolae_hito_row, nicolae_hito_row,
          nicolae_hito_row, nicolae_hito_row, nicolae_hito_row,
          nicolae_hito_row, nicolae_hito_row, nicolae_hito_row,
          nicolae_hito_row, nicolae_hito_row, nicolae_hito_row,
          nicolae_hito_row, nicolae_hito_row, nicolae_hito_row,
          nicolae_hito_row, nicolae_hito_row, nicolae_hito_row,
          nicolae_hito_row], layout_long_grid, minivault_8
D:11:     layout_basic, kennysheep_orc_monster_closet_entryway,
          gauntlet_entry_generic, ebering_ghost_disaster_area
D:12:     cheibrodos_fzero, layout_basic, serial_shops, shop,
          hangedman_abyss_or_decor_lesser_grid
D:13:     layout_cross, serial_shops, nicolae_shop_trees, shop, shop, shop,
          shop, uniq_maurice, uniq_kirke, uniq_azrael, uniq_josephine
D:14:     gammafunk_corrupted_shrine, layout_basic,
          lightli_vaults_fourway_checkpoint, hellmonk_ghost_happy_afterlife,
          serial_shops, nicolae_shop_behind_doors, uniq_lodul
D:15:     hangedman_depths_entry_try_elsewhere_first, layout_loops_ring,
          minmay_misc_feat_rugged, xom_confusion_cloud
Temple:   hellmonk_temple_of_storms
Lair:1:   layout_layer_cave, grunt_megastairs_1
Lair:2:   layout_cave_shapes, minmay_swamp_entry_reptiles, nicolae_lair_lil_pond
Lair:3:   layout_chaotic_city, guppyfry_snake_entry_garden,
          portal_ice_cave_entry_ice_simulacra
Lair:4:   layout_cave_pods, gammafunk_ghost_abyssal_escape
Lair:5:   due_jungle_book, layout_regular_city, nicolae_slime_entry_field_trip,
          nicolae_quartered_pool_super
Swamp:1:  layout_falls_marsh, nicolae_swamp_some_circles,
          cheibrodos_swamp_pet_leeches, uniq_nikola, uniq_jorgrun
Orc:1:    layout_caves, serial_shops, nicolae_shop_statue_plus, basic_altar,
          nicolae_orc_flooded_monolith, uniq_harold, uniq_snorg
Orc:2:    st_orc_open, layout_diamond_mine, serial_shops, shop, basic_altar

Skill      XL: |  1  2  3  4  5  6  7  8  9 10 11 12 13 14 15 16 |
---------------+-------------------------------------------------+-----
Dodging        | 3 4 5 7 8 9 11 12 13 14 | 14.5
Hexes          | 4 5 6 7 |  7.1
Spellcasting   | 3 4 5 6 7 9 10 12 13 15 | 15.7
Ice Magic      | 1 2 3 4 |  4.0
Stealth        | 5 6 7 9 10 12 13 16 17 19 20 | 20.0
Fighting       | 1 2 3 4 5 7 8 9 |  9.5
Short Blades   | 2 3 4 5 6 8 9 10 | 10.0
Translocations | 2 4 6 8 |  8.5
Air Magic      | 1 3 4 5 6 7 8 |  8.0
Fire Magic     | 1 3 4 |  4.9
Conjurations   | 2 3 4 5 |  5.1

Action                     |  1- 3 |  4- 6 |  7- 9 | 10-12 | 13-15 | 16-18 || total
---------------------------+-------+-------+-------+-------+-------+-------++-------
  Melee: Dagger            |   139 |   197 |   320 |   415 |  1294 |    90 ||  2455
         Punch             |     1 |     1 |     9 |    11 |    19 |     3 ||    44
   Cast: Ensorcelled Hiber |    17 |    37 |    85 |   130 |   298 |    29 ||   596
         Tukima's Dance    |     1 |     1 |    35 |    16 |    95 |       ||   148
         Confusing Touch   |       |    11 |    12 |    31 |    89 |    13 ||   156
         Vhi's Electric Ch |       |       |       |     7 |       |       ||     7
         Scorch            |       |       |       |     5 |       |       ||     5
         Volatile Blastmot |       |       |       |     3 |       |       ||     3
         Arcjolt           |       |       |       |     2 |     6 |       ||     8
         Fireball          |       |       |       |       |    34 |    26 ||    60
         Yara's Violent Un |       |       |       |       |    11 |       ||    11
         Inner Flame       |       |       |       |       |     4 |       ||     4
         Iskenderun's Batt |       |       |       |       |     1 |       ||     1
  Evoke: Wand              |       |       |       |    30 |       |       ||    30
    Use: Scroll            |       |     5 |    10 |    10 |    22 |     2 ||    49
         Potion            |       |     3 |     2 |     7 |     9 |     4 ||    25
   Stab: Sleeping          |    18 |    29 |    63 |    84 |   217 |    14 ||   425
         Confused          |       |     6 |     7 |    36 |    75 |     8 ||   132
         Paralysed         |       |     3 |       |       |       |       ||     3
         Invisible         |       |     2 |       |       |       |       ||     2
         Distracted        |       |       |     1 |     1 |     2 |     1 ||     5
 Armour: Robe              |    12 |    13 |    18 |    46 |   123 |     1 ||   213
         Steam dragon scal |       |       |       |       |    46 |     5 ||    51
  Dodge: Dodged            |   105 |   160 |   269 |   386 |  1607 |    79 ||  2606
